 Dungeon Crawl Stone Soup version 0.17-a0-957-ga3519be (webtiles) character file.

10 RobertPalmer the Slasher (level 2, 0/28 HPs)
             Began as a Naga Chaos Knight on May 7, 2015.
             Slain by a rat (2 damage)
             ... on level 1 of the Dungeon.
             The game lasted 00:00:28 (78 turns).

RobertPalmer the Slasher (Naga Chaos Knight)          Turns: 78, Time: 00:00:29

Health: 0/28       AC:  4    Str: 14    XL:     2   Next: 20%
Magic:  2/2        EV:  9    Int: 12    God:    Xom [..*...]
Gold:   0          SH:  0    Dex: 10    Spells: 0 memorised, 1 level left

rFire  . . .     SeeInvis +     a - +0 falchion (chaos)
rCold  . . .     Clarity  .     b - +2 leather armour
rNeg   . . .     SustAb   .     (no shield)
rPois  +         Gourm    .     (no helmet)
rElec  .         Spirit   .     (no cloak)
rCorr  .         Warding  .     (no gloves)
rMut   .         Stasis   .     (no barding)
MR     .....                    (no amulet)
Stlth  +.........               (no ring)
                                (no ring)

@: very slow, not resistant to hostile enchantments, very unstealthy
A: see invisible, deformed body, poison resistance, slowness 2, slow metabolism
1, spit poison 2, AC +0
a: Spit Poison, Renounce Religion


You were on level 1 of the Dungeon.
You worshipped Xom.
You were a toy of Xom.
You were not hungry.

You visited 1 branch of the dungeon, and saw 1 of its levels.

Inventory:

Hand weapons
 a - a +0 falchion of chaos (weapon)
Armour
 b - a +2 leather armour (worn)
Comestibles
 c - a bread ration {@e1}
 d - 3 fruits


   Skills:
 - Level 3.0 Fighting
 + Level 3.6 Long Blades
 - Level 1.5 Armour
 - Level 0.7 Dodging


You had one spell level left.
You didn't know any spells.

Dungeon Overview and Level Annotations

Branches:
Dungeon (1/15)

Altars:


Innate Abilities, Weirdness & Mutations

You cannot wear boots.
Your serpentine skin is tough (AC +0).
You have supernaturally acute eyesight.
Armour fits poorly on your strangely shaped body.
Your system is resistant to poisons.
You cover ground very slowly.
You have a slow metabolism.
You can spit poison.


Message History

There are monsters nearby!
There are monsters nearby!
There are monsters nearby! 2 jackals and a kobold come into view.
The jackal barks! x3
The kobold shouts!
The kobold moves out of view.
Found a stone staircase leading down.
A rat comes into view.
The kobold hits you with a dagger.
You take 3 damage, and have 17/21 hp.
You hit the kobold but do no damage. The kobold hits you but does no damage.
You closely miss the kobold. The kobold hits you with a dagger.
You take 1 damage, and have 16/21 hp.
You hit the kobold. You burn the kobold.
You kill the kobold!
You barely miss the kobold. The kobold hits you but does no damage.
You miss the kobold. The kobold closely misses you.
The kobold barely misses you.
You hit the kobold but do no damage.
The kobold seems to speed up.
Xom is amused.
The kobold hits you with a dagger.
You take 2 damage, and have 15/21 hp.
You barely miss the kobold. The kobold hits you but does no damage.
The kobold closely misses you.
You barely miss the kobold. The kobold hits you but does no damage.
The kobold barely misses you.
You barely miss the kobold. The kobold hits you but does no damage.
The kobold hits you but does no damage.
You closely miss the kobold. The kobold hits you with a dagger.
You take 4 damage, and have 11/21 hp.
You are too injured to fight recklessly!
You are too injured to fight recklessly!
You are too injured to fight recklessly!
You are too injured to fight recklessly!
You barely miss the kobold. The kobold hits you but does no damage.
The kobold closely misses you.
You barely miss the kobold. The kobold hits you but does no damage.
The kobold barely misses you.
You completely miss the kobold. The kobold closely misses you.
You barely miss the kobold. The kobold hits you but does no damage.
The kobold completely misses you.
You hit the kobold but do no damage.
Xom's attention almost turns to you for a moment.
You feel uncomfortably cold. The kobold hits you but does no damage.
The kobold hits you but does no damage.
You hit the kobold. You burn the kobold. The kobold hits you with a dagger.
You take 3 damage, and have 8/21 hp.
You closely miss the kobold. The kobold closely misses you.
The kobold hits you with a dagger.
You closely miss the kobold. The kobold hits you but does no damage.
You hit the kobold but do no damage. The kobold hits you but does no damage.
The kobold closely misses you.
You hit the kobold.
You kill the kobold!
The jackal barely misses you.
You hit the jackal. You freeze the jackal.
The jackal bites you but does no damage.
Unknown command.
You barely miss the jackal.
The jackal bites you but does no damage.
The jackal bites you.
* * * LOW HITPOINT WARNING * * *
You take 2 damage, and have 6/21 hp.
You hit the jackal.
You kill the jackal!
You have reached level 2!
Xom's power almost touches on you for a moment.
Nothing appears to happen...
Ominous!
The jackal bites you.
* * * LOW HITPOINT WARNING * * *
MP restored: 2 You hit the jackal but do no damage.
The jackal is moving more slowly.
The jackal closely misses you. The jackal bites you.
* * * LOW HITPOINT WARNING * * *
You take 1 damage, and have 5/28 hp.
You hit the jackal.
The jackal flickers and vanishes for a moment.
The jackal bites you.
* * * LOW HITPOINT WARNING * * *
You take 1 damage, and have 4/28 hp.
Unknown command.
You hit the jackal.
You kill the jackal!
The jackal bites you.
* * * LOW HITPOINT WARNING * * *
You take 3 damage, and have 1/28 hp.
Unknown command.
You hit the jackal. You freeze the jackal.
The jackal bites you but does no damage.
You hit the jackal.
You kill the jackal!
You closely miss the rat. The rat bites you but does no damage.
The rat bites you but does no damage.
You barely miss the rat. The rat closely misses you.
You barely miss the rat. The rat bites you but does no damage.
You aren't carrying any potions.
You closely miss the rat. The rat bites you.
You die...
Xom yawns loudly!

##..... ### ### .......
... ... .. ##..... #.#
#.# #. .?..... #.# #.# .
....... #.# #.# # .......
#####.# #.#
.......##.....####.######
......hr@................
.......##.########.######
....... #.# #.# ###
....... #.# #.# #..
....... #.# #.# #..
....... #.# #.# #..
..>.... #.# #)# #..
....... #.# #.# #.. #.#
..# #..


You could see a jackal and a rat.

Vanquished Creatures
  An ooze (D:1)
  3 jackals (D:1)
  2 kobolds (D:1)
6 creatures vanquished.

Notes
Turn   | Place    | Note
--------------------------------------------------------------
     0 | D:1      | RobertPalmer, the Naga Chaos Knight, began the quest for the Orb.
     0 | D:1      | Reached XP level 1. HP: 21/21 MP: 1/1
     2 | D:1      | Noticed an electric eel
    61 | D:1      | XOM: harmless Ice miscast
    69 | D:1      | Reached XP level 2. HP: 8/28 MP: 2/2
    69 | D:1      | XOM: silly message
    69 | D:1      | HP: 6/28 [jackal (2)]
    72 | D:1      | HP: 1/28 [jackal (3)]
    78 | D:1      | Slain by a rat

Action                   || total
-------------------------++-------
Melee: Falchion          ||    36

Vault maps used:
D:1:      arrival_aquarium_a

Table legend:
 A = Turns spent in this place as a percentage of turns spent in the entire game.
 B = Non-inter-level travel turns spent in this place as a percentage of non-inter-level travel turns spent in the entire game.
 C = Inter-level travel turns spent in this place as a percentage of turns spent in this place.
 D = Turns resting spent in this place as a percentage of non-inter-level travel turns spent in this place.
 E = Turns spent auto-exploring this place as a percentage of non-inter-level travel turns spent in this place.
 F = Non-inter-level travel turns spent in this place divided by the number of levels of this place that you've seen.
                   A       B       C       D       E      F
               +-------+-------+-------+-------+-------+----------------------
         Total | 100.0 | 100.0 |   0.0 |   0.0 |   2.4 |  82.0
       Dungeon | 100.0 | 100.0 |   0.0 |   0.0 |   2.4 |  82.0
               +-------+-------+-------+-------+-------+----------------------

Table legend:
 A = Kills in this place as a percentage of kills in entire the game.
 B = Kills by you in this place as a percentage of kills by you in the entire game.
 C = Kills by friends in this place as a percentage of kills by friends in the entire game.
 D = Other kills in this place as a percentage of other kills in the entire game.
 E = Experience gained in this place as a percentage of experience gained in the entire game.
 F = Experience gained in this place divided by the number of levels of this place that you have seen.
                   A       B       C       D       E      F
               +-------+-------+-------+-------+-------+----------------------
         Total | 100.0 | 100.0 |  -nan |  -nan | 100.0 |  15.0
       Dungeon | 100.0 | 100.0 |  -nan |  -nan | 100.0 |  15.0
               +-------+-------+-------+-------+-------+----------------------
